 Dungeon Crawl Stone Soup version 0.31-a0-978-g1e143483b6 (webtiles) character file.

Game seed: 11649324853664504784

304 Xavori the Trooper (level 6, -5/47 HPs)
             Began as a Djinni Chaos Knight on Oct 31, 2023.
             Was a Plaything of Xom.
             Slain by an iguana (9 damage)
             ... on level 4 of the Dungeon.
             The game lasted 00:02:43 (11944 turns).

Xavori the Trooper (Djinni Chaos Knight)           Turns: 11944, Time: 00:02:44

Health: -5/47      AC:  8    Str: 10 (11) XL:     6   Next: 66%
Gold:   166        EV: 12    Int: 11 (12) God:    Xom [.*....] SH:  0 Dex: 14

rFire   + + .        a - +0 falchion (chaos)
rCold   x . .        (no shield)
rNeg    . . .        b - +2 leather armour
rPois   ∞            (no helmet)
rElec   .            k - +0 cloak
rCorr   .            (no gloves)
SInv    .            (boots unavailable)
Will    +....        (no amulet)
Stlth   +            (no ring)
HPRegen 1.07/turn    (no ring)
MPRegen 0.00/turn

%: infuse magic (-6 HP)
@: enlightened, flying
A: sickness immunity, fire resistance 2, cold vulnerability 1, float, innate
caster, HP casting, extra vitality 1, iridescent scales 1, dopey 1, regeneration
1, inability to drink after injury 1
a: Renounce Religion


You were on level 4 of the Dungeon.
You worshipped Xom.
You were a plaything of Xom.
You visited 1 branch of the dungeon, and saw 4 of its levels.

You collected 166 gold pieces.

Inventory:

Hand Weapons
 a - a +0 falchion of chaos (weapon)
Armour
 b - a +2 leather armour (worn)
 k - a +0 cloak (worn)
Scrolls
 c - a scroll of butterflies
 d - 2 scrolls of identify
 f - a scroll of revelation
 i - a scroll of enchant weapon
Potions
 e - a potion of heal wounds {unknown}
 h - a potion of curing {unknown}
 j - a potion of magic {unknown}
 l - a potion of enlightenment
 m - a potion of ambrosia {unknown}


   Skills:
 + Level 4.0 Fighting
 + Level 3.6 Long Blades
 + Level 2.6 Armour
 + Level 3.5 Dodging
 * Level 2.1 Spellcasting
 * Level 2.1 Conjurations
 * Level 2.1 Hexes
   Level 0.0 Charms
 * Level 2.1 Summonings
 * Level 2.1 Necromancy
 * Level 2.1 Translocations
 * Level 2.1 Transmutations
 * Level 2.1 Fire Magic
 * Level 2.1 Ice Magic
 * Level 2.1 Air Magic
 * Level 2.1 Earth Magic
 * Level 2.1 Poison Magic


You knew the following spells:

 Your Spells              Type           Power      Damage    Failure   Level
a - Necrotise             Necr           20%        1d5       16%         1
b - Jinxbite              Hex            10%        N/A       24%         2
Your spell library was empty.

Dungeon Overview and Level Annotations

Branches:
Dungeon (4/15)             Temple (0/1) D:4

Altars:
Yredelemnul

Shops:
D:2 =


Innate Abilities, Weirdness & Mutations

You are immune to sickness and miasma.
You are immune to poison.
Your flesh is very heat resistant. (rF++)
You are vulnerable to cold. (rC-)
You float through the air rather than walking.
You learn spells naturally, not from books.
Your magical power is your life essence.
You have superior vitality. (+4 MHP)
You are partially covered in iridescent scales. (AC +2)
You are dopey. (Int -2)
Your natural rate of healing is unusually fast.
You occasionally lose the ability to drink potions when taking damage.


Message History

The iguana barely misses you.
You are too injured to fight recklessly!
You are too injured to fight recklessly!
You are too injured to fight recklessly!
You hit the iguana but do no damage.
The iguana is poisoned.
The endoplasm misses you. The iguana bites you.
You hit the iguana.
The iguana is lightly wounded.
The iguana closely misses you. The endoplasm freezes you.
You are frozen!
You feel a terrible chill!
* * * LOW HITPOINT WARNING * * *
You hit the iguana.
The iguana seems to speed up.
The iguana is heavily wounded.
The iguana closely misses you. The endoplasm hits you.
* * * LOW HITPOINT WARNING * * *
The iguana bites you.
* * * LOW HITPOINT WARNING * * *
The endoplasm barely misses you.
You slash the endoplasm!
You kill the endoplasm!
The iguana bites you.
* * * LOW HITPOINT WARNING * * *
The iguana barely misses you.
Okay, then.
You aren't carrying any items that you can evoke.
Unknown command.
Okay, then.
It was a potion of enlightenment.
You feel more buoyant. "See what I see, my child!"
You detect creatures!
The iguana bites you.
* * * LOW HITPOINT WARNING * * *
The iguana bites you but does no damage.
It was a potion of mutation.
You feel extremely strange.
You feel frail.
You feel less vulnerable to cold.
You feel healthier.
You feel stupid.
Iridescent scales grow over part of your body.
The iguana bites you!
You die...

###..........#
.............#
8.8..........#
⌠.⌠.........##
.............#
>............#
.............#
.............#
..........l@.#
...#........##
....#......##
J .....#.#####
.....#.
.....#. .. ..


You could see an iguana (fast, poisoned).

Vanquished Creatures
  2 orc wizards (D:3)
  5 adders
  2 adder zombies (D:3)
  2 worms
  2 dart slugs
  5 orcs
  4 ball pythons
  7 endoplasms
  3 giant cockroaches
  7 goblins
  5 hobgoblins
  A quokka (D:1)
  4 bats
  4 frilled lizards
  8 kobolds
  7 rats
68 creatures vanquished.

Vanquished Creatures (collateral kills)
  Edmund (D:3)
1 creature vanquished.

Grand Total: 69 creatures vanquished

Notes
Turn   | Place    | Note
-------+----------+-------------------------------------------
     0 | D:1      | Xavori the Djinni Chaos Knight began the quest for the Orb.
     0 | D:1      | Reached XP level 1. HP: 20/20 MP: 0/0
   124 | D:1      | Reached XP level 2. HP: 25/25 MP: 0/0
   214 | D:1      | XOM: divination: magic mapping
   482 | D:1      | Reached XP level 3. HP: 30/30 MP: 0/0
   482 | D:1      | Learned a level 1 spell: Necrotise
   630 | D:2      | XOM: 2-stop teleportation journey
   715 | D:2      | Reached skill level 1 in Spellcasting
   715 | D:2      | Reached skill level 1 in Conjurations
   715 | D:2      | Reached skill level 1 in Hexes
   715 | D:2      | Reached skill level 1 in Summonings
   715 | D:2      | Reached skill level 1 in Necromancy
   715 | D:2      | Reached skill level 1 in Translocations
   715 | D:2      | Reached skill level 1 in Transmutations
   715 | D:2      | Reached skill level 1 in Fire Magic
   715 | D:2      | Reached skill level 1 in Ice Magic
   715 | D:2      | Reached skill level 1 in Air Magic
   715 | D:2      | Reached skill level 1 in Earth Magic
   715 | D:2      | Reached skill level 1 in Poison Magic
   736 | D:2      | Found a faded altar of an unknown god.
   757 | D:2      | Reached XP level 4. HP: 35/35 MP: 0/0
   764 | D:2      | XOM: silly message
   928 | D:2      | Found Moevem's One-of-a-Kind Rings.
  1666 | D:1      | XOM: summons 4 hostile shadow creatures
  2865 | D:1      | XOM: divination: magic mapping
  3211 | D:1      | XOM: divination: detect items
  3609 | D:1      | XOM: noise
  4872 | D:1      | XOM: silly message
  4916 | D:1      | XOM: cloud trail
  5006 | D:1      | XOM: divination: detect items
  5273 | D:1      | XOM: summons 3 hostile demons
  5310 | D:2      | XOM: cloud trail
  5381 | D:2      | XOM: scenery: 1 fountains blood, 1 doors close
  5939 | D:1      | XOM: scenery: summon butterflies
  5943 | D:1      | XOM: noise
  7523 | D:1      | XOM: give mutations
  7523 | D:1      | Gained mutation: You are very vulnerable to cold. (rC--)
                  | [Xom's mischief]
  7523 | D:1      | Gained mutation: Your natural rate of healing is unusually
                  | fast. [Xom's mischief]
  7555 | D:1      | XOM: silly message
  7818 | D:1      | XOM: cloud trail
  7951 | D:1      | XOM is BORED!
  7951 | D:1      | XOM: noise
  8462 | D:1      | XOM: silly message
  8493 | D:1      | XOM: silly message
  8639 | D:1      | XOM: noise
  8958 | D:1      | XOM: give mutations
  8958 | D:1      | Gained mutation: You are strong-willed. (Will+) [Xom's
                  | mischief]
  8958 | D:1      | Gained mutation: You are robust. (+10% HP) [Xom's mischief]
  8958 | D:1      | Gained mutation: Your body sometimes deteriorates upon
                  | taking damage. [Xom's mischief]
  8958 | D:1      | Gained mutation: Armour fits poorly on your strangely
                  | shaped body. [Xom's mischief]
  8979 | D:1      | XOM: noise
  9252 | D:1      | XOM: cloud trail
  9350 | D:1      | XOM is BORED!
  9350 | D:1      | XOM: noise
  9426 | D:1      | XOM: stat loss: -1 Int (13/14)
 10126 | D:1      | XOM: scenery: summon butterflies
 10208 | D:1      | XOM is BORED!
 10208 | D:1      | XOM: torment (20/38 hp)
 10724 | D:1      | XOM: noise
 10982 | D:1      | Glimpsed the power of Zot.
 11016 | D:3      | XOM: silly message
 11024 | D:3      | XOM: confuse monster(s)
 11152 | D:3      | Reached XP level 5. HP: 29/44 MP: 0/0
 11152 | D:3      | Learned a level 2 spell: Jinxbite
 11473 | D:3      | XOM: give mutations
 11473 | D:3      | Lost mutation: Armour fits poorly on your strangely shaped
                  | body. [Xom's mischief]
 11473 | D:3      | Lost mutation: You are strong-willed. (Will+) [Xom's
                  | mischief]
 11473 | D:3      | Gained mutation: You occasionally lose the ability to drink
                  | potions when taking damage. [Xom's mischief]
 11551 | D:3      | XOM: scenery: summon butterflies
 11630 | D:3      | Found a basalt altar of Yredelemnul.
 11765 | D:4      | Identified the "Toat"
 11765 | D:4      | Noticed Edmund
 11768 | D:4      | Found a staircase to the Ecumenical Temple.
 11773 | D:3      | XOM: polymorph orc -> ball python
 11787 | D:3      | HP: 2/45 [Edmund/+1 flail of holy wrath (4)]
 11788 | D:3      | XOM: divination: detect creatures
 11789 | D:3      | XOM: summons friendly quasit
 11792 | D:3      | Killed Edmund
 11793 | D:3      | Reached skill level 4 in Fighting
 11793 | D:3      | Reached XP level 6. HP: 8/51 MP: 0/0
 11943 | D:4      | XOM: divination: detect creatures
 11944 | D:4      | Lost mutation: You are robust. (+10% HP) [potion of
                  | mutation]
 11944 | D:4      | Lost mutation: You are very vulnerable to cold. (rC--)
                  | [potion of mutation]
 11944 | D:4      | Lost mutation: Your body sometimes deteriorates upon taking
                  | damage. [potion of mutation]
 11944 | D:4      | Gained mutation: You are dopey. (Int -2) [potion of
                  | mutation]
 11944 | D:4      | Gained mutation: You are partially covered in iridescent
                  | scales. (AC +2) [potion of mutation]
 11944 | D:4      | Slain by an iguana

Illustrated notes

Levels and vault maps discovered:
D:1:      roderic_crop_circles_arrival_small, layout_basic
D:2:      minmay_door_path, layout_basic, chequers_ecumenical_altar_island,
          grunt_ministairs_4, minmay_strange_pillars, nicolae_shop_unique_rings
D:3:      kb_forest_paths, layout_rooms, lemuel_zombie_altar_yredelemnul,
          hangedman_abyss_or_decor_stabs
D:4:      layout_rooms, overflow_temple_1_default,
          minmay_temple_entry_drinking_statues, ebering_ghost_reflecting_pool,
          uniq_ijyb, uniq_duvessa, uniq_edmund

Skill      XL: |  1  2  3  4  5 |
---------------+----------------+-----
Long Blades    | 3 |  3.6
Spellcasting   | 1 2 |  2.1
Conjurations   | 1 2 |  2.1
Hexes          | 1 2 |  2.1
Summonings     | 1 2 |  2.1
Necromancy     | 1 2 |  2.1
Translocations | 1 2 |  2.1
Transmutations | 1 2 |  2.1
Fire Magic     | 1 2 |  2.1
Ice Magic      | 1 2 |  2.1
Air Magic      | 1 2 |  2.1
Earth Magic    | 1 2 |  2.1
Poison Magic   | 1 2 |  2.1
Armour         | 2 |  2.6
Dodging        | 3 |  3.5
Fighting       | 4 |  4.0

Action                     |  1- 3 |  4- 6 || total
---------------------------+-------+-------++-------
  Melee: Falchion          |    77 |   131 ||   208
    Use: Scroll            |       |     2 ||     2
         Potion            |       |     2 ||     2
   Stab: Sleeping          |       |     1 ||     1
 Armour: Leather armour    |    43 |   103 ||   146
  Dodge: Dodged            |    40 |   107 ||   147

Table legend: (Time is in decaauts)
 A = Elapsed time spent in this place.
 B = Non-inter-level travel time spent in this place.
 C = Inter-level travel time spent in this place.
 D = Time resting spent in this place.
 E = Time spent auto-exploring this place.
 F = Levels seen in this place.
 G = Mean time per level.
                   A        B        C        D        E       F      G
               +--------+--------+--------+--------+--------+-----+--------+
         Total |  11980 |  11774 |    206 |   9933 |   1380 |   4 | 2995.0 |
       Dungeon |  11980 |  11774 |    206 |   9933 |   1380 |   4 | 2995.0 |
               +--------+--------+--------+--------+--------+-----+--------+

Top non-repeatable levels by time:
     D:1: 9885 daAuts
     D:2: 1254 daAuts
     D:3: 822 daAuts
     D:4: 18 daAuts
